EVO
OKLAHOMA STATE UNIVERSITY COWBOYS @ UNIVERSITY OF MICHIGAN WOLVERINES
07/19/2045
 
TOP OF THE 1ST
Oklahoma State University Cowboys batting - Pitching for University of Michigan Wolverines : RHP Ricky Yerzy
Pitching: RHP Ricky Yerzy
Batting: LHB Edwin Cabral 0-0: Foul Ball, location: 2F
0-1: Swinging Strike
0-2: Foul Ball, location: 2F
0-2: Foul Ball, location: 2F
0-2: SINGLE (Line Drive, 56D, EV 100.6 MPH)
Batting: RHB Mario Arriero 0-0: Ball
1-0: 2-RUN HOME RUN (Flyball, 9D, EV 95.6 MPH), Distance : 376 ft
Batting: RHB Josh Patterson 0-0: Ball
1-0: SINGLE (Line Drive, 89M, EV 101.2 MPH)
Batting: RHB Dave de Wolff 0-0: Ball
1-0: Fly out, F8 (Flyball, 78D, EV 103.8 MPH)
Batting: LHB Jared Zulkowski 0-0: Ball
1-0: Ball
2-0: Ball
3-0: Base on Balls
Josh Patterson to second
Batting: RHB Ji-an See-to 0-0: Called Strike
0-1: Called Strike
0-2: Ball
1-2: Strikes out swinging
Batting: RHB Dennis Bennett 0-0: Ball
1-0: Ball
2-0: Ball
3-0: Base on Balls
Josh Patterson to third
Jared Zulkowski to second
Batting: RHB Mennad Maalik 0-0: Called Strike
0-1: Fielders Choice at 2nd, 5-4 (Groundball, 56, EV 85.6 MPH)
Top of the 1st over - 2 runs, 3 hits, 0 errors, 3 left on base; Oklahoma State University 2 - University of Michigan 0
BOTTOM OF THE 1ST
University of Michigan Wolverines batting - Pitching for Oklahoma State University Cowboys : RHP Alje Velders
Pitching: RHP Alje Velders
Batting: RHB Gilbert Hoareau 0-0: Ball
1-0: Ball
2-0: Ground out U3 (Groundball, 34S, EV 85.6 MPH)
Batting: RHB Mike Bearden 0-0: Ground out 4-3 (Groundball, 4, EV 87.5 MPH)
Batting: LHB Dusty Bryant 0-0: Called Strike
0-1: Ball
1-1: Swinging Strike
1-2: Strikes out swinging
Bottom of the 1st over - 0 runs, 0 hits, 0 errors, 0 left on base; Oklahoma State University 2 - University of Michigan 0
TOP OF THE 2ND
Oklahoma State University Cowboys batting - Pitching for University of Michigan Wolverines : RHP Ricky Yerzy
Batting: RHB Tony Castellanos 0-0: SOLO HOME RUN (Flyball, 7D, EV 107.5 MPH), Distance : 422 ft
Batting: LHB Edwin Cabral 0-0: Ball
1-0: Called Strike
1-1: Swinging Strike
1-2: Ball
2-2: Ball
3-2: Strikes out swinging
Batting: RHB Mario Arriero 0-0: Ball
1-0: SOLO HOME RUN (Flyball, 7D, EV 104.4 MPH), Distance : 410 ft
Batting: RHB Josh Patterson 0-0: Called Strike
0-1: Ball
1-1: Called Strike
1-2: Ball
2-2: Strikes out swinging
Pitching: RHP Kazuki Arai
Batting: RHB Dave de Wolff 0-0: Ball
1-0: DOUBLE (Line Drive, 5D, EV 98.8 MPH)
Batting: LHB Jared Zulkowski 0-0: Fly out, F8 (Flyball, 8LD, EV 83.8 MPH)
Top of the 2nd over - 2 runs, 3 hits, 0 errors, 1 left on base; Oklahoma State University 4 - University of Michigan 0
BOTTOM OF THE 2ND
University of Michigan Wolverines batting - Pitching for Oklahoma State University Cowboys : RHP Alje Velders
Batting: LHB Bert Grey 0-0: Called Strike
0-1: Ball
1-1: Foul Ball, location: 2F
1-2: Foul Ball, location: 2F
1-2: Foul Ball, location: 2F
1-2: SINGLE (Groundball, 6MS, EV 73.8 MPH) (infield hit)
Batting: RHB Xiao-shuang Au 0-0: Called Strike
0-1: Foul Ball, location: 2F
0-2: Foul Ball, location: 2F
0-2: Foul Ball, location: 2F
0-2: Strikes out swinging
Batting: LHB Ken Morehead 0-0: Foul Ball, location: 2F
0-1: Ball
1-1: Ball
2-1: Foul Ball, location: 2F
2-2: Ball
3-2: SINGLE (Line Drive, 7S, EV 108.1 MPH)
Bert Grey to second
Bert Grey to third
Batting: RHB Alain Marquet 0-0: Called Strike
0-1: Foul Ball, location: 2F
0-2: Ball
1-2: Foul Ball, location: 2F
1-2: Ball
2-2: Foul Ball, location: 2F
2-2: Ball
Wild Pitch!
Bert Grey scores
Ken Morehead to second
3-2: Fly out, F5 (Line Drive, 5, EV 65.6 MPH)
Batting: LHB Dave Carlisle 0-0: Ball
1-0: Ball
2-0: Foul Ball, location: 2F
2-1: Ball
3-1: Foul Ball, location: 2F
3-2: Strikes out swinging
Bottom of the 2nd over - 1 run, 2 hits, 0 errors, 1 left on base; Oklahoma State University 4 - University of Michigan 1
TOP OF THE 3RD
Oklahoma State University Cowboys batting - Pitching for University of Michigan Wolverines : RHP Kazuki Arai
Batting: RHB Ji-an See-to 0-0: Ball
1-0: Ball
2-0: Swinging Strike
2-1: Ball
3-1: Called Strike
3-2: Strikes out swinging
Batting: RHB Dennis Bennett 0-0: Swinging Strike
0-1: Ball
1-1: Foul Ball, location: 2F
1-2: Ball
2-2: Strikes out swinging
Batting: RHB Mennad Maalik 0-0: Swinging Strike
0-1: Foul Ball, location: 2F
0-2: Ball
1-2: Foul Ball, location: 2F
1-2: Ball
2-2: Strikes out looking
Top of the 3rd over - 0 runs, 0 hits, 0 errors, 0 left on base; Oklahoma State University 4 - University of Michigan 1
BOTTOM OF THE 3RD
University of Michigan Wolverines batting - Pitching for Oklahoma State University Cowboys : RHP Alje Velders
Batting: RHB Justin Young 0-0: Ball
1-0: Hit by Pitch
Batting: RHB Gilbert Hoareau 0-0: Ball
1-0: Grounds into double play, 6-4-3 (Groundball, 6, EV 83.1 MPH)
Batting: RHB Mike Bearden 0-0: Ball
1-0: SINGLE (Groundball, 6MD, EV 98.8 MPH)
Batting: LHB Dusty Bryant 0-0: Swinging Strike
0-1: Called Strike
0-2: Strikes out looking
Bottom of the 3rd over - 0 runs, 1 hit, 0 errors, 1 left on base; Oklahoma State University 4 - University of Michigan 1
TOP OF THE 4TH
Oklahoma State University Cowboys batting - Pitching for University of Michigan Wolverines : RHP Kazuki Arai
Batting: RHB Tony Castellanos 0-0: Called Strike
0-1: Ball
1-1: Ball
2-1: Ball
3-1: Base on Balls
Batting: LHB Edwin Cabral 0-0: Fielders Choice at 2nd, 4-6 (Groundball, 4M, EV 106.2 MPH)
Batting: RHB Mario Arriero 0-0: Ball
1-0: Ball
2-0: Foul Ball, location: 2F
2-1: Ball
3-1: Ground out 4-3 (Groundball, 34, EV 100.0 MPH)
Edwin Cabral to second
Batting: RHB Josh Patterson 0-0: Called Strike
0-1: Ball
1-1: Ball
2-1: Ball
3-1: Base on Balls
Batting: RHB Dave de Wolff 0-0: Ball
1-0: Called Strike
1-1: Ball
2-1: 3-RUN HOME RUN (Flyball, 7LD, EV 100.0 MPH), Distance : 371 ft
Pitching: RHP Andrew Giles
Batting: LHB Jared Zulkowski 0-0: Ball
1-0: Ball
2-0: Ball
3-0: Base on Balls
Batting: RHB Ji-an See-to 0-0: SINGLE (Groundball, 56S, EV 73.1 MPH) (infield hit)
Jared Zulkowski to second
Batting: RHB Dennis Bennett 0-0: Swinging Strike
0-1: Foul Ball, location: 2F
0-2: Ball
1-2: Ball
2-2: Strikes out swinging
Top of the 4th over - 3 runs, 2 hits, 0 errors, 2 left on base; Oklahoma State University 7 - University of Michigan 1
BOTTOM OF THE 4TH
University of Michigan Wolverines batting - Pitching for Oklahoma State University Cowboys : RHP Alje Velders
Batting: LHB Bert Grey 0-0: Ground out 6-3 (Groundball, 6, EV 80.6 MPH)
Batting: RHB Xiao-shuang Au 0-0: Ball
1-0: Foul Ball, location: 2F
1-1: Hit by Pitch
Batting: LHB Ken Morehead 0-0: Ball
1-0: Called Strike
1-1: Called Strike
1-2: Foul Ball, location: 2F
1-2: Ball
2-2: Foul Ball, location: 2F
2-2: Foul Ball, location: 2F
2-2: Grounds into double play, 3-6-3 (Groundball, 34, EV 80.0 MPH)
Bottom of the 4th over - 0 runs, 0 hits, 0 errors, 0 left on base; Oklahoma State University 7 - University of Michigan 1
TOP OF THE 5TH
Oklahoma State University Cowboys batting - Pitching for University of Michigan Wolverines : RHP Andrew Giles
Batting: RHB Mennad Maalik 0-0: Called Strike
0-1: Ball
1-1: Foul Ball, location: 2F
1-2: Ball
2-2: Strikes out swinging
Batting: RHB Tony Castellanos 0-0: Ball
1-0: Fly out, F7 (Flyball, 7S, EV 76.2 MPH)
Pinch Hitting: RHB Jay Hickman 0-0: Called Strike
0-1: Ball
1-1: Ball
2-1: Swinging Strike
2-2: Strikes out swinging
Top of the 5th over - 0 runs, 0 hits, 0 errors, 0 left on base; Oklahoma State University 7 - University of Michigan 1
BOTTOM OF THE 5TH
University of Michigan Wolverines batting - Pitching for Oklahoma State University Cowboys : RHP Alje Velders
Pitching: RHP Eugene Savard
Now at 3B: Jay Hickman
Batting: RHB Alain Marquet 0-0: Foul Ball, location: 2F
0-1: Swinging Strike
0-2: Strikes out looking
Batting: LHB Dave Carlisle 0-0: Called Strike
0-1: Ball
1-1: Ball
2-1: Foul Ball, location: 2F
2-2: Foul Ball, location: 2F
2-2: Ball
3-2: Fly out, F7 (Flyball, 78S, EV 86.9 MPH)
Batting: RHB Justin Young 0-0: Fly out, F7 (Flyball, 78M, EV 95.0 MPH)
Bottom of the 5th over - 0 runs, 0 hits, 0 errors, 0 left on base; Oklahoma State University 7 - University of Michigan 1
TOP OF THE 6TH
Oklahoma State University Cowboys batting - Pitching for University of Michigan Wolverines : RHP Andrew Giles
Pinch Hitting: RHB Cody Kafer 0-0: SINGLE (Line Drive, 9S, EV 109.4 MPH)
Batting: RHB Masakuni Takeuchi 0-0: SINGLE (Line Drive, 5D, EV 97.5 MPH)
Cody Kafer to second
Pinch Hitting: RHB Eric Zylstra 0-0: Foul Ball, location: 2F
0-1: Ball
1-1: Foul Ball, location: 2F
1-2: Strikes out swinging
Batting: LHB Jared Zulkowski 0-0: Called Strike
0-1: Called Strike
0-2: Ball
1-2: Foul Ball, location: 2F
1-2: Strikes out swinging
Batting: RHB Ji-an See-to 0-0: Ball
1-0: Called Strike
1-1: SINGLE (Groundball, 56D, EV 102.5 MPH)
Cody Kafer to third
Masakuni Takeuchi to second
Runner from 3rd tries for Home, SAFE, throw by LF to home
Masakuni Takeuchi to third
Ji-an See-to to second
Pinch Hitting: RHB Cruz Castro 0-0: Fly out, F7 (Flyball, 7, EV 83.8 MPH)
Top of the 6th over - 1 run, 3 hits, 0 errors, 2 left on base; Oklahoma State University 8 - University of Michigan 1
BOTTOM OF THE 6TH
University of Michigan Wolverines batting - Pitching for Oklahoma State University Cowboys : RHP Eugene Savard
Now at 2B: Cruz Castro
Now in CF: Cody Kafer
Now in RF: Eric Zylstra
Batting: RHB Gilbert Hoareau 0-0: Swinging Strike
0-1: Ball
1-1: Foul Ball, location: 2F
1-2: Foul Ball, location: 2F
1-2: Foul Ball, location: 2F
1-2: Ball
2-2: Foul Ball, location: 2F
2-2: Foul Ball, location: 2F
2-2: Strikes out swinging
Batting: RHB Mike Bearden 0-0: Foul Ball, location: 2F
0-1: Ball
1-1: Called Strike
1-2: DOUBLE (Groundball, 5L, EV 103.1 MPH)
Batting: LHB Dusty Bryant 0-0: Called Strike
0-1: Ball
1-1: Foul Ball, location: 2F
1-2: SINGLE (Groundball, 34D, EV 105.6 MPH)
Mike Bearden to third
Runner from 3rd tries for Home, SAFE, throw by RF to home
Pitching: RHP Emanuel Anochondo
Batting: LHB Bert Grey 0-0: Ball
1-0: Called Strike
1-1: Ball
2-1: Ball
3-1: Base on Balls
Dusty Bryant to second
Batting: RHB Xiao-shuang Au 0-0: Foul Ball, location: 2F
0-1: Foul Ball, location: 2F
0-2: Ball
1-2: Strikes out swinging
Batting: LHB Ken Morehead 0-0: Ball
1-0: Foul Ball, location: 2F
1-1: Ball
2-1: Foul Ball, location: 2F
2-2: Ball
3-2: 3-RUN HOME RUN (Line Drive, 89XD, EV 112.5 MPH), Distance : 427 ft
Batting: RHB Alain Marquet 0-0: Called Strike
0-1: Swinging Strike
0-2: Ball
1-2: Ball
2-2: Foul Ball, location: 2F
2-2: Ball
3-2: Fly out, F9 (Flyball, 89D, EV 97.5 MPH)
Bottom of the 6th over - 4 runs, 3 hits, 0 errors, 0 left on base; Oklahoma State University 8 - University of Michigan 5
TOP OF THE 7TH
Oklahoma State University Cowboys batting - Pitching for University of Michigan Wolverines : RHP Andrew Giles
Pitching: LHP John Schmidt
Pinch Hitting: RHB Tony Cabrera 0-0: Ball
1-0: Reached on error, E3 (Groundball, 34, EV 86.9 MPH)
Pinch Hitting: SHB Suzunosuke Yamaguchi 0-0: Foul Ball, location: 2F
0-1: Ground out 5-3 (Groundball, 56, EV 85.0 MPH)
Batting: RHB Jay Hickman 0-0: Intentional Walk
Batting: RHB Cody Kafer 0-0: Swinging Strike
0-1: Foul Ball, location: 2F
0-2: SINGLE (Groundball, 56D, EV 108.8 MPH)
Tony Cabrera to third
Jay Hickman to second
Batting: RHB Masakuni Takeuchi 0-0: Swinging Strike
0-1: Foul Ball, location: 2F
0-2: Grounds into fielders choice 5-2 (Groundball, 56S, EV 78.8 MPH)
Jay Hickman to third
Cody Kafer to second
Batting: RHB Eric Zylstra 0-0: Ball
1-0: Called Strike
1-1: Ball
2-1: Ball
Wild Pitch!
Jay Hickman scores
Cody Kafer to third
Masakuni Takeuchi to second
3-1: Swinging Strike
3-2: Strikes out looking
Top of the 7th over - 1 run, 1 hit, 1 error, 2 left on base; Oklahoma State University 9 - University of Michigan 5
BOTTOM OF THE 7TH
University of Michigan Wolverines batting - Pitching for Oklahoma State University Cowboys : RHP Emanuel Anochondo
Pitching: LHP Daniel Fagan
Now at SS: Vance McDonald
Now in LF: Mario Martinez
Batting: LHB Dave Carlisle 0-0: Called Strike
0-1: Called Strike
0-2: Ball
1-2: Foul Ball, location: 2F
1-2: Foul Ball, location: 2F
1-2: Strikes out looking
Batting: RHB Justin Young 0-0: Foul Ball, location: 2F
0-1: Foul Ball, location: 2F
0-2: Ball
1-2: Ball
2-2: Foul Ball, location: 2F
2-2: Ground out 3-1 (Groundball, 34, EV 84.4 MPH)
Pinch Hitting: RHB George Wagner 0-0: Fly out, F8 (Line Drive, 8RM, EV 91.9 MPH)
Bottom of the 7th over - 0 runs, 0 hits, 0 errors, 0 left on base; Oklahoma State University 9 - University of Michigan 5
TOP OF THE 8TH
Oklahoma State University Cowboys batting - Pitching for University of Michigan Wolverines : LHP John Schmidt
Now in CF: George Wagner
Batting: LHB Jared Zulkowski 0-0: Foul Ball, location: 2F
0-1: Ball
1-1: Ball
2-1: Foul Ball, location: 2F
2-2: Ball
3-2: Base on Balls
Pinch Hitting: RHB Justin Klein 0-0: Ball
1-0: Grounds into double play, 6-4-3 (Groundball, 6, EV 95.0 MPH)
Batting: RHB Cruz Castro 0-0: Foul Ball, location: 2F
0-1: Ball
1-1: Ball
2-1: Ball
3-1: Called Strike
3-2: Base on Balls
Batting: RHB Vance McDonald 0-0: Called Strike
0-1: Ground out 1-3 (Groundball, 15S, EV 69.4 MPH)
Top of the 8th over - 0 runs, 0 hits, 0 errors, 1 left on base; Oklahoma State University 9 - University of Michigan 5
BOTTOM OF THE 8TH
University of Michigan Wolverines batting - Pitching for Oklahoma State University Cowboys : LHP Daniel Fagan
Now at 1B: Hidemitsu Matsuno
Batting: SHB Corey Penson 0-0: Ball
1-0: Ball
2-0: DOUBLE (Line Drive, 9LS, EV 98.8 MPH)
Batting: LHB Dusty Bryant 0-0: Called Strike
0-1: Called Strike
0-2: Ball
1-2: Strikes out looking
Pinch Hitting: LHB Afanasy Zasekin 0-0: Called Strike
0-1: Ball
1-1: Swinging Strike
1-2: SINGLE (Flyball, 6D, EV 86.9 MPH)
Corey Penson to third
Batting: RHB Xiao-shuang Au 0-0: SINGLE (Flyball, 89S, EV 93.8 MPH)
Corey Penson scores
Afanasy Zasekin to second
Runner from 2nd tries for 3rd, SAFE, throw by RF made to third
Batting: LHB Ken Morehead 0-0: Called Strike
0-1: Foul Ball, location: 2F
0-2: SINGLE (Groundball, 6MD, EV 98.8 MPH)
Afanasy Zasekin scores
Xiao-shuang Au to second
Batting: RHB Alain Marquet 0-0: Called Strike
0-1: Grounds into double play, 6-4-3 (Groundball, 6, EV 85.0 MPH)
Bottom of the 8th over - 2 runs, 4 hits, 0 errors, 1 left on base; Oklahoma State University 9 - University of Michigan 7
TOP OF THE 9TH
Oklahoma State University Cowboys batting - Pitching for University of Michigan Wolverines : LHP John Schmidt
Now in LF: Afanasy Zasekin
Pinch Hitting: SHB Guy Jerome 0-0: Ball
1-0: Swinging Strike
1-1: Ball
2-1: Ball
3-1: Called Strike
3-2: Base on Balls
Batting: RHB Jay Hickman 0-0: Ball
1-0: Ball
2-0: Ball
3-0: Called Strike
3-1: Base on Balls
Guy Jerome to second
Batting: RHB Cody Kafer 0-0: Called Strike
0-1: DOUBLE (Line Drive, 9LD, EV 103.8 MPH)
Guy Jerome scores
Jay Hickman to third
Batting: RHB Masakuni Takeuchi 0-0: DOUBLE (Line Drive, 78M, EV 99.4 MPH)
Jay Hickman scores
Cody Kafer scores
Batting: RHB Eric Zylstra 0-0: Called Strike
0-1: Called Strike
0-2: Foul Ball, location: 2F
0-2: Ball
1-2: Foul Ball, location: 2F
1-2: Strikes out looking
Pinch Hitting: LHB Israel Jaramillo 0-0: Called Strike
0-1: Called Strike
0-2: Ball
1-2: Ball
2-2: Foul Ball, location: 2F
2-2: Ball
3-2: Base on Balls
Pinch Hitting: RHB Ch'ang-chieh Hsia 0-0: Ball
1-0: Called Strike
1-1: Fly out, F8 (Flyball, 8LD, EV 89.4 MPH)
Pitching: RHP Narciso Umbelino
Batting: RHB Cruz Castro 0-0: Foul Ball, location: 2F
0-1: Foul Ball, location: 2F
0-2: Ball
1-2: Fly out, F3 (Popup, 3F, EV 80.6 MPH)
Top of the 9th over - 3 runs, 2 hits, 0 errors, 2 left on base; Oklahoma State University 12 - University of Michigan 7
BOTTOM OF THE 9TH
University of Michigan Wolverines batting - Pitching for Oklahoma State University Cowboys : LHP Daniel Fagan
Now at C: Ch'ang-chieh Hsia
Now at 1B: Chris Marcellus
Now in LF: Leo Puentes
Batting: LHB Dave Carlisle 0-0: Called Strike
0-1: Ball
1-1: Foul Ball, location: 2F
1-2: Foul Ball, location: 2F
1-2: Ball
2-2: Ball
3-2: SINGLE (Groundball, 4M, EV 105.0 MPH) (infield hit)
Batting: RHB Justin Young 0-0: SINGLE (Groundball, 4MD, EV 101.9 MPH)
Dave Carlisle to second
Batting: RHB George Wagner 0-0: Ball
1-0: Swinging Strike
1-1: SINGLE (Groundball, 3D, EV 98.1 MPH)
Dave Carlisle to third
Justin Young to second
Pitching: LHP Ryan Fischer
Batting: SHB Corey Penson 0-0: Ball
1-0: Foul Ball, location: 2F
1-1: Swinging Strike
1-2: Fly out, F6 (Flyball, 6D, EV 95.0 MPH)
Pitching: RHP Oscar Fajardo
Pinch Hitting: RHB Kiichi Matsumoto 0-0: Ball
1-0: Ball
2-0: Foul Ball, location: 2F
2-1: Foul Ball, location: 2F
2-2: Strikes out looking
Batting: LHB Afanasy Zasekin 0-0: Ball
1-0: SINGLE (Line Drive, 9LS, EV 103.1 MPH)
Dave Carlisle scores
Justin Young to third
George Wagner to second
Batting: RHB Xiao-shuang Au 0-0: DOUBLE (Line Drive, 78M, EV 107.5 MPH)
Justin Young scores
George Wagner scores
Afanasy Zasekin to third
Pinch Runner at 2nd Bryan Castor:
Batting: LHB Ken Morehead 0-0: Swinging Strike
0-1: Ball
1-1: Ball
2-1: Foul Ball, location: 2F
2-2: Foul Ball, location: 2F
2-2: Foul Ball, location: 2F
2-2: Ball
3-2: Ground out 4-3 (Groundball, 34, EV 90.6 MPH)
Bottom of the 9th over - 3 runs, 5 hits, 0 errors, 2 left on base; Oklahoma State University 12 - University of Michigan 10
Wednesday, June 22nd , 2022 - OOTP Baseball 23.4 Build 64